[Event "41st Amateur D7"]
[Site "ChessGUI4"]
[Date "2013.07.06"]
[Round "14.4"]
[White "Gibbon 2.57a 64-bit"]
[Black "MadChess 1.2"]
[Result "0-1"]
[BlackElo "2200"]
[ECO "D86"]
[EventDate "2013.??.??"]
[TimeControl "40/1500:40/1500:40/1500"]
[WhiteElo "2251"]

{ i5 Quad } 1.d4 Nf6 2.c4 g6 3.Nc3 d5 4.cxd5 Nxd5 5.e4 Nxc3 6.bxc3 Bg7 7.Bc4 c5 8.Ne2 Nc6 9.d5 Ne5 { [%eval 8,12] [%emt 0:00:35] (Ne5) } 10.Bb5+
{ [%eval 7,13] [%emt 0:00:36] (Bb5) } 10...Bd7
{ [%eval 34,11] [%emt 0:00:23] (Bd7) } 11.Bxd7+
{ [%eval -2,14] [%emt 0:00:59] (Bxd7) } 11...Qxd7
{ [%eval 29,11] [%emt 0:00:27] (Qxd7) } 12.O-O
{ [%eval -6,14] [%emt 0:01:28] (O-O) } 12...O-O
{ [%eval 15,11] [%emt 0:01:20] (O-O) } 13.Rb1
{ [%eval -3,12] [%emt 0: 00:23] (Bf4) } 13...a6
{ [%eval 1,10] [%emt 0:01:07] (b6) } 14.Be3
{ [%eval 0,13] [%emt 0:00:51] (a4) } 14...Rfc8
{ [%eval 26,11] [%emt 0:00:41] (Qc7) } 15.Kh1
{ [%eval 5,13] [%emt 0:01:06] (a4) } 15...Nc4
{ [%eval 56,11] [%emt 0:00:56] (b5) } 16.Bg5
{ [%eval 6,13] [%emt 0:00:26] (a4) } 16...h6
{ [%eval 77,11] [%emt 0:00:34] (Re8) } 17.Bf4
{ [%eval 10,13] [%emt 0:00:14] (Bf4) } 17...g5
{ [%eval 77,11] [%emt 0:00:23] (b5) } 18.Bg3
{ [%eval 13,14] [%emt 0:00:47] (Bg3) } 18...Ra7
{ [%eval 71,11] [%emt 0: 00:54] (b5) } 19.Re1
{ [%eval 10,13] [%emt 0:00:23] (Kg1) } 19...b5
{ [%eval 66,10] [%emt 0:00:25] (b6) } 20.Qd3
{ [%eval 0,12] [%emt 0:00:17] (Qd3) } 20...Na3
{ [%eval 64,10] [%emt 0:00:26] (Qd8) } 21.Rb2
{ [%eval 14,12] [%emt 0:00:12] (Ra1) } 21...Qd8
{ [%eval 70,10] [%emt 0:01:08] (Rd8) } 22.f3
{ [%eval -4,13] [%emt 0:00:47] (f4) } 22...Rd7
{ [%eval 105,11] [%emt 0:00:52] (Nc4) } 23.Rd1
{ [%eval -31,12] [%emt 0:00: 11] (Kg1) } 23...e6
{ [%eval 102,10] [%emt 0:00:23] (Qa5) } 24.f4
{ [%eval -65,13] [%emt 0:00:48] (Kg1) } 24...Qa5
{ [%eval 107,9] [%emt 0:00:22] (Qa5) } 25.fxg5
{ [%eval -68,12] [%emt 0:00:27] (Qf3) } 25...hxg5
{ [%eval 141,11] [%emt 0:00:29] (hxg5) } 26.Ng1
{ [%eval -75,12] [%emt 0:00:10] (Qf3) } 26...Rcd8
{ [%eval 205,11] [%emt 0: 00:55] (Rcd8) } 27.Be1
{ [%eval -61,12] [%emt 0:00:10] (Qf3) } 27...Qa4
{ [%eval 187, 10] [%emt 0:00:27] (Qa4) } 28.Re2
{ [%eval -74,13] [%emt 0:00:22] (Re2) } 28...Nc4
{ [%eval 172,11] [%emt 0:00:45] (Nc4) } 29.Nh3
{ [%eval -69,13] [%emt 0:00:24] (Nh3) } 29...f6
{ [%eval 139,10] [%emt 0:00:25] (g4) } 30.Bg3
{ [%eval -35,12] [%emt 0: 00:30] (Bg3) } 30...exd5
{ [%eval 139,12] [%emt 0:00:42] (Nb6) } 31.exd5
{ [%eval -5, 13] [%emt 0:00:13] (exd5) } 31...Rxd5
{ [%eval 134,13] [%emt 0:00:27] (Rxd5) } 32.Qxd5+
{ [%eval -9,14] [%emt 0:00:17] (Qxd5) } 32...Rxd5
{ [%eval 127,15] [%emt 0:02:09] (Rxd5) } 33.Rxd5
{ [%eval 0,14] [%emt 0:00:27] (Rxd5) } 33...Qa3
{ [%eval 97,14] [%emt 0:01:47] (Qa3) } 34.Re7
{ [%eval -25,13] [%emt 0:00:20] (Nf2) } 34...Qc1+
{ [%eval 108, 12] [%emt 0:00:34] (Qc1) } 35.Ng1
{ [%eval 24,14] [%emt 0:00:09] (Ng1) } 35...Ne3
{ [%eval 92,14] [%emt 0:00:56] (Ne3) } 36.Rdd7
{ [%eval 9,14] [%emt 0:00:10] (Rdd7) } 36...Nf5
{ [%eval 85,13] [%emt 0:00:15] (Nf5) } 37.Re8+
{ [%eval -22,14] [%emt 0:00:15] (Re8) } 37...Kh7
{ [%eval 108,15] [%emt 0:01:08] (Kh7) } 38.Bf2
{ [%eval -32,14] [%emt 0:00:13] (Be1) } 38...Qxc3
{ [%eval 102,14] [%emt 0:01:25] (Qxc3) } 39.Re6
{ [%eval -56,14] [%emt 0:00:28] (g4) } 39...Kg6
{ [%eval 219,11] [%emt 0:00: 32] (Kg6) } 40.Rxa6
{ [%eval -59,13] [%emt 0:00:06] (Rxa6) } 40...Qc2
{ [%eval 239,11] [%emt 0:00:18] (Qc2) } 41.Be1
{ [%eval -77,14] [%emt 0:00:27] (Nh3) } 41...Qe4
{ [%eval 243,12] [%emt 0:01:18] (Bf8) } 42.Bf2
{ [%eval -89,14] [%emt 0:00:36] (Ba5) } 42...c4
{ [%eval 292,13] [%emt 0:00:47] (Bf8) } 43.Rd2
{ [%eval -106,14] [%emt 0:00:49] (Rb6) } 43...c3
{ [%eval 304,14] [%emt 0:01:05] (c3) } 44.Re2
{ [%eval -153, 16] [%emt 0:00:25] (Re2) } 44...Qc4
{ [%eval 326,14] [%emt 0:01:18] (Qc4) } 45.Rc2
{ [%eval -180,16] [%emt 0:01:27] (Re1) } 45...g4
{ [%eval 365,12] [%emt 0:00:53] (13) } 46.Ra3
{ [%eval -260,15] [%emt 0:00:55] (Ra3) } 46...b4
{ [%eval 396,15] [%emt 0:00: 57] (b4) } 47.Ra5
{ [%eval -291,16] [%emt 0:00:48] (Ra5) } 47...Bh6
{ [%eval 388,14] [%emt 0:01:19] (13) } 48.Rc5
{ [%eval -263,15] [%emt 0:00:13] (Rc5) } 48...Qd3
{ [%eval 393,14] [%emt 0:00:39] (Qd3) } 49.Re2
{ [%eval -275,15] [%emt 0:00:43] (Re2) } 49...Nd6
{ [%eval 396,13] [%emt 0:00:37] (Bd2) } 50.Rc6
{ [%eval -342,13] [%emt 0:00:22] (Rc6) } 50...Ne4
{ [%eval 455,13] [%emt 0:01:12] (Ne4) } 51.Bh4
{ [%eval -478,14] [%emt 0:00:27] (Bh4) } 51...Be3
{ [%eval 523,12] [%emt 0:00:21] (Kh5) } 52.Re6
{ [%eval -571,14] [%emt 0:00:36] (Re6) } 52...c2
{ [%eval 661,13] [%emt 0:00: 33] (c2) } 53.Rc6
{ [%eval -755,14] [%emt 0:00:23] (Rc6) } 53...c1=Q
{ [%eval 684,13] [%emt 0:00:30] (c1=Q) } 54.Rxc1
{ [%eval -892,15] [%emt 0:00:24] (Rxc1) } 54...Bxc1
{ [%eval 836,14] [%emt 0:00:27] (Bxc1) } 0-1

[Event "41st Amateur D7"]
[Site "ChessGUI4"]
[Date "2013.07.06"]
[Round "14.5"]
[White "Waxman 2011"]
[Black "ProChess 1.02AD"]
[Result "0-1"]
[BlackElo "2244"]
[ECO "A30"]
[EventDate "2013.??.??"]
[TimeControl "40/1500:40/1500:40/1500"]
[WhiteElo "2256"]

{ i5 Quad } 1.Nf3 c5 2.c4 g6 3.d4 Bg7 4.e4 d6 5.Nc3 Nc6 6.Be3 Bg4 7.dxc5 dxc5 8.Qxd8+ Rxd8 9.Nd2 Bd4
{ [%eval -22,12] [%emt 0:01:06] (Bxc3) } 10.Bxd4
{ [%eval -8,13] [%emt 0:00:25] (h3) } 10...cxd4
{ [%eval -7,14] [%emt 0:01:08] (Nxd4) } 11.Nd5
{ [%eval -11,12] [%emt 0:00:19] (Nd5) } 11...e6
{ [%eval -5,14] [%emt 0:11:22] (Rc8) } 12.Nc7+
{ [%eval -7,12] [%emt 0: 00:34] (h3) } 12...Kd7
{ [%eval 11,14] [%emt 0:00:39] (Kd7) } 13.Nb5
{ [%eval -4,13] [%emt 0:00:37] (Nb5) } 13...a6
{ [%eval 15,13] [%emt 0:01:01] (a6) } 14.f3
{ [%eval 2, 13] [%emt 0:00:45] (h3) } 14...Bh5
{ [%eval 17,13] [%emt 0:00:17] (axb5) } 15.Na3
{ [%eval 8,13] [%emt 0:00:44] (Na3) } 15...g5
{ [%eval 15,12] [%emt 0:00:14] (g5) } 16.Rd1
{ [%eval -5,12] [%emt 0:00:35] (c5) } 16...Nf6
{ [%eval 23,11] [%emt 0:00:27] (Kc8) } 17.h3
{ [%eval -26,12] [%emt 0:01:20] (c5) } 17...Bg6
{ [%eval 30,10] [%emt 0:00:17] (Ke7) } 18.Nb3
{ [%eval 6,13] [%emt 0:01:06] (Nc2) } 18...e5
{ [%eval 27,11] [%emt 0: 00:38] (Kc8) } 19.c5
{ [%eval 4,13] [%emt 0:01:05] (c5) } 19...h5
{ [%eval 22,10] [%emt 0:00:13] (Kc7) } 20.Nc4
{ [%eval 9,13] [%emt 0:00:51] (Nc4) } 20...g4
{ [%eval 17,11] [%emt 0:00:23] (Kc7) } 21.Nba5
{ [%eval 11,12] [%emt 0:00:46] (Bd3) } 21...Nxa5
{ [%eval 22,12] [%emt 0:00:15] (Nxa5) } 22.Nxa5
{ [%eval 7,12] [%emt 0:00:24] (Nxa5) } 22...Kc7
{ [%eval 24,12] [%emt 0:00:29] (gxf3) } 23.Bd3
{ [%eval 9,12] [%emt 0:00:33] (Kf2) } 23...gxf3
{ [%eval 17,11] [%emt 0:00:15] (Rhg8) } 24.gxf3
{ [%eval 0, 12] [%emt 0:00:14] (gxf3) } 24...Rhe8
{ [%eval 20,11] [%emt 0:00:13] (h4) } 25.Rg1
{ [%eval 4,12] [%emt 0:00:47] (Ke2) } 25...h4
{ [%eval 15,10] [%emt 0:00:10] (Nd7) } 26.Rg5
{ [%eval 23,13] [%emt 0:00:56] (Rg5) } 26...Re6
{ [%eval 12,12] [%emt 0:00:18] (Nd7) } 27.Nc4
{ [%eval 27,13] [%emt 0:00:47] (Nc4) } 27...Nd7
{ [%eval 10,11] [%emt 0: 00:09] (Nd7) } 28.b4
{ [%eval 26,13] [%emt 0:00:52] (Ke2) } 28...Rde8
{ [%eval 10,11] [%emt 0:00:13] (Rh8) } 29.a4
{ [%eval 26,12] [%emt 0:00:47] (Nd6) } 29...b6
{ [%eval 20,11] [%emt 0:00:13] (Rh8) } 30.cxb6+
{ [%eval 36,14] [%emt 0:00:55] (cxb6) } 30...Nxb6
{ [%eval 20,12] [%emt 0:00:10] (Nxb6) } 31.Nxb6
{ [%eval 42,14] [%emt 0:00: 52] (Rc1) } 31...Rxb6
{ [%eval 17,13] [%emt 0:00:16] (Rxb6) } 32.Rc1+
{ [%eval 45,14] [%emt 0:00:36] (b5) } 32...Kd6
{ [%eval 16,13] [%emt 0:00:14] (Kd6) } 33.f4
{ [%eval 44,14] [%emt 0:00:48] (b5) } 33...exf4
{ [%eval 22,12] [%emt 0:00:11] (exf4) } 34.Rd5+
{ [%eval 42,14] [%emt 0:00:54] (Rc4) } 34...Ke6
{ [%eval 32,12] [%emt 0:00:10] (Ke7) } 35.Rxd4
{ [%eval 31,14] [%emt 0:00:56] (Rcc5) } 35...Rd6
{ [%eval 32,11] [%emt 0:00: 08] (Rd6) } 36.Rxd6+
{ [%eval 8,16] [%emt 0:00:55] (Rcc4) } 36...Kxd6
{ [%eval 56,13] [%emt 0:00:06] (Kxd6) } 37.Kf2
{ [%eval 0,14] [%emt 0:00:30] (Rc4) } 37...Bxe4
{ [%eval 65,12] [%emt 0:00:05] (Bxe4) } 38.Bxa6
{ [%eval -9,16] [%emt 0:00:50] (Bxa6) } 38...Rg8
{ [%eval 72,12] [%emt 0:00:10] (Rg8) } 39.Bf1
{ [%eval -9,16] [%emt 0:00:39] (Bf1) } 39...Rg3
{ [%eval 75,12] [%emt 0:00:19] (Rg3) } 40.a5
{ [%eval 15,15] [%emt 0:00:15] (Rc8) } 40...Rb3
{ [%eval 70,12] [%emt 0:00:14] (Rb3) } 41.b5
{ [%eval 28,15] [%emt 0:00:32] (b5) } 41...Rb2+
{ [%eval 48,14] [%emt 0:02:41] (Rb2) } 42.Kg1
{ [%eval 27,16] [%emt 0:00:34] (Kg1) } 42...f3
{ [%eval 57,14] [%emt 0:01:15] (f3) } 43.a6
{ [%eval 21,16] [%emt 0:00:31] (a6) } 43...f5
{ [%eval 48,14] [%emt 0:02:00] (f2) } 44.a7
{ [%eval 10,16] [%emt 0:00:27] (a7) } 44...Ra2
{ [%eval 54,14] [%emt 0:00:34] (f2) } 45.b6
{ [%eval 21,16] [%emt 0:00:25] (b6) } 45...f2+
{ [%eval 80,17] [%emt 0:00: 48] (f2) } 46.Kh2
{ [%eval 21,3] [%emt 0:00:00] (Kh2) } 46...Bb7
{ [%eval 76,16] [%emt 0:01:35] (Rb2) } 47.Rd1+
{ [%eval 0,16] [%emt 0:00:27] (Rc7) } 47...Kc5
{ [%eval 112, 17] [%emt 0:01:33] (Kc5) } 48.Rb1
{ [%eval 0,18] [%emt 0:00:47] (Rb1) } 48...f4
{ [%eval 151,16] [%emt 0:01:18] (Kc6) } 49.Rb5+
{ [%eval -146,16] [%emt 0:00:42] (a8=Q) } 49...Kc6
{ [%eval 178,16] [%emt 0:00:54] (Kc6) } 50.Rb1
{ [%eval -181,17] [%emt 0:01:07] (Rb1) } 50...f3
{ [%eval 176,16] [%emt 0:00:25] (f3) } 51.Bb5+
{ [%eval -181,17] [%emt 0:00:34] (Bb5) } 51...Kd5
{ [%eval 175,16] [%emt 0:00:54] (Kd5) } 52.Bf1
{ [%eval -218,16] [%emt 0:00:46] (Bf1) } 52...Kc5
{ [%eval 170,15] [%emt 0:01: 07] (Re2) } 53.a8=Q
{ [%eval -265,17] [%emt 0:01:07] (a8=Q) } 53...Rxa8
{ [%eval 165, 17] [%emt 0:00:38] (Rxa8) } 54.Rb2
{ [%eval -257,18] [%emt 0:00:24] (Rb2) } 54...Ra1
{ [%eval 178,16] [%emt 0:00:38] (Ra1) } 55.Rxf2
{ [%eval -239,17] [%emt 0:00:25] (Rxf2) } 55...Kb4
{ [%eval 181,16] [%emt 0:00:22] (Kd4) } 56.Kg1
{ [%eval -260,18] [%emt 0:00:32] (Kh1) } 56...Kc3
{ [%eval 202,20] [%emt 0:00:21] (Kc3) } 57.Rh2
{ [%eval -280,18] [%emt 0:00:28] (Kh1) } 57...Bd5
{ [%eval 213,22] [%emt 0:01:02] (Bd5) } 58.Rf2
{ [%eval -280,20] [%emt 0:00:28] (Rf2) } 58...Rb1
{ [%eval 213,21] [%emt 0:00: 32] (Rb1) } 59.Kh2
{ [%eval -305,19] [%emt 0:01:21] (Kh2) } 59...Rxb6
{ [%eval 400,21] [%emt 0:02:40] (Rxb6) } 60.Kg1
{ [%eval -346,20] [%emt 0:00:32] (Kg1) } 60...Rb1
{ [%eval 406,20] [%emt 0:01:41] (Rg6) } 61.Kh2
{ [%eval -392,19] [%emt 0:00:33] (Kh2) } 61...Kd4
{ [%eval 406,18] [%emt 0:00:09] (Kd4) } 62.Rd2+
{ [%eval -411,19] [%emt 0:00:25] (Rd2) } 62...Ke5
{ [%eval 406,18] [%emt 0:01:08] (Ke5) } 63.Rf2
{ [%eval -514,19] [%emt 0:00:48] (Rc2) } 63...Be4
{ [%eval 430,15] [%emt 0:00:05] (Be4) } 0-1

[Event "41st Amateur D7"]
[Site "ChessGUI4"]
[Date "2013.07.06"]
[Round "15.1"]
[White "Carballo 0.8"]
[Black "ChessKiss 1.7 64-bit"]
[Result "0-1"]
[BlackElo "2214"]
[ECO "D27"]
[EventDate "2013.??.??"]
[TimeControl "40/1500:40/1500:40/1500"]
[WhiteElo "2273"]

{ i5 Quad } 1.d4 d5 2.Nf3 Nf6 3.c4 dxc4 4.e3 e6 5.Bxc4 c5 6.O-O a6 7.Bd3 Nbd7 8.Qe2 b6 9.Nbd2 Be7 { [%eval -37,11] [%emt 0:00:43] (Bb7) } 10.b3
{ [%eval 38,13] [%emt 0:00:36] (e4) } 10...cxd4
{ [%eval -4,12] [%emt 0:00:41] (O-O) } 11.exd4
{ [%eval 54,15] [%emt 0:00:35] (exd4) } 11...Bb7
{ [%eval -21,13] [%emt 0:00:40] (Bb7) } 12.Bb2
{ [%eval 48,14] [%emt 0:00:34] (Ne4) } 12...Nd5
{ [%eval 12,12] [%emt 0:00:48] (O-O) } 13.g3
{ [%eval 49,13] [%emt 0: 00:33] (g3) } 13...O-O
{ [%eval 13,13] [%emt 0:00:37] (O-O) } 14.Rfc1
{ [%eval 53,13] [%emt 0:00:32] (Rac1) } 14...Nb4
{ [%eval 13,12] [%emt 0:00:40] (h5) } 15.Be4
{ [%eval 50,14] [%emt 0:00:32] (Be4) } 15...Nd5
{ [%eval -4,12] [%emt 0:00:35] (Bxe4) } 16.a4
{ [%eval 52,13] [%emt 0:00:31] (Ne5) } 16...N7f6
{ [%eval 60,13] [%emt 0:00:35] (a5) } 17.h4
{ [%eval 55,12] [%emt 0:00:30] (Ba3) } 17...Nxe4
{ [%eval 108,12] [%emt 0: 00:36] (Nxe4) } 18.Qxe4
{ [%eval 42,14] [%emt 0:00:29] (Qxe4) } 18...Rc8
{ [%eval 94, 12] [%emt 0:00:30] (b5) } 19.Rxc8
{ [%eval 56,13] [%emt 0:00:29] (Ne5) } 19...Qxc8
{ [%eval 109,13] [%emt 0:00:33] (Qxc8) } 20.Rc1
{ [%eval 40,14] [%emt 0:00:28] (Rc1) } 20...Qb8
{ [%eval 102,13] [%emt 0:00:30] (Qa8) } 21.Qe5
{ [%eval 29,13] [%emt 0:00:27] (Ne5) } 21...Qa8
{ [%eval 102,12] [%emt 0:00:30] (Rc8) } 22.Qe2
{ [%eval 38, 12] [%emt 0:00:26] (Ng5) } 22...Rc8
{ [%eval 94,13] [%emt 0:00:29] (Rc8) } 23.Nc4
{ [%eval 31,13] [%emt 0:00:26] (Rc4) } 23...Nf4
{ [%eval 120,12] [%emt 0:00:28] (Rc7) } 24.Qe3
{ [%eval 22,15] [%emt 0:00:25] (Qe3) } 24...Nd5
{ [%eval 122,12] [%emt 0:00:27] (Nd5) } 25.Qe2
{ [%eval 32,15] [%emt 0:00:24] (Qe1) } 25...b5
{ [%eval 109,12] [%emt 0: 00:26] (b5) } 26.axb5
{ [%eval 31,14] [%emt 0:00:24] (axb5) } 26...axb5
{ [%eval 96,12] [%emt 0:00:25] (axb5) } 27.Ra1
{ [%eval 13,15] [%emt 0:00:23] (Ra1) } 27...Qb8
{ [%eval 75,13] [%emt 0:00:25] (Ba6) } 28.Nce5
{ [%eval 39,14] [%emt 0:00:23] (Nce5) } 28...b4
{ [%eval 71,12] [%emt 0:00:24] (b4) } 29.Nc4
{ [%eval 33,12] [%emt 0: 00:22] (Ng5) } 29...Bf8
{ [%eval 101,12] [%emt 0:00:23] (Nc3) } 30.Nfe5
{ [%eval 61,11] [%emt 0:00:21] (Nfe5) } 30...Rc7
{ [%eval 100,12] [%emt 0:00:23] (Bd6) } 31.Qe1
{ [%eval 72,10] [%emt 0:00:21] (Qe1) } 31...Qd8
{ [%eval 98,11] [%emt 0:00:22] (g6) } 32.Nd3
{ [%eval 66,11] [%emt 0:00:20] (Ra7) } 32...Nc3
{ [%eval 143,12] [%emt 0:00:21] (g5) } 33.Bxc3
{ [%eval 38,13] [%emt 0:00:20] (Bxc3) } 33...Qd5
{ [%eval 140,13] [%emt 0:00:21] (Qd5) } 34.Kf1
{ [%eval -30,14] [%emt 0:00:19] (Kf1) } 34...Qg2+
{ [%eval 145, 12] [%emt 0:00:20] (bxc3) } 35.Ke2
{ [%eval 38,14] [%emt 0:00:19] (Ke2) } 35...bxc3
{ [%eval 146,11] [%emt 0:00:19] (bxc3) } 36.Qxc3
{ [%eval 38,13] [%emt 0:00:18] (Qxc3) } 36...Qf3+
{ [%eval 145,11] [%emt 0:00:19] (Qf3) } 37.Kd2
{ [%eval -47,14] [%emt 0:00:18] (Kd2) } 37...g6
{ [%eval 186,12] [%emt 0:00:17] (g6) } 38.Ra7
{ [%eval -47,12] [%emt 0:00:17] (Ra7) } 38...Rc8
{ [%eval 180,11] [%emt 0:00:21] (Rc8) } 39.Qa1
{ [%eval -72,13] [%emt 0:00:17] (Qa1) } 39...Bh6+
{ [%eval 200,11] [%emt 0:00:17] (Be4) } 40.Kc3
{ [%eval -89,15] [%emt 0:00:17] (Kc3) } 40...Be4
{ [%eval 254,11] [%emt 0:00: 17] (Bg7) } 41.Qf1
{ [%eval -94,15] [%emt 0:00:54] (Qf1) } 41...Bg7
{ [%eval 294,12] [%emt 0:00:59] (Bg7) } 42.Rd7
{ [%eval -114,14] [%emt 0:00:52] (Rd7) } 42...e5
{ [%eval 365,12] [%emt 0:00:57] (Bf5) } 43.Kc2
{ [%eval -174,14] [%emt 0:00:51] (Ra7) } 43...exd4
{ [%eval 387,12] [%emt 0:00:56] (exd4) } 44.Re7
{ [%eval -237,15] [%emt 0:00:50] (Re7) } 44...Bf6
{ [%eval 404,13] [%emt 0:00:54] (h5) } 45.Rxe4
{ [%eval -233,16] [%emt 0:00:48] (Ra7) } 45...Qxe4
{ [%eval 419,14] [%emt 0:00:52] (Qxe4) } 46.Qe1
{ [%eval -224,14] [%emt 0:00:47] (Kb2) } 46...Qb7
{ [%eval 438,13] [%emt 0:00:46] (Qb7) } 47.Qd2
{ [%eval -221,12] [%emt 0:00:46] (h5) } 47...Bg7
{ [%eval 450,12] [%emt 0:00:50] (Re8) } 48.Qb4
{ [%eval -224,13] [%emt 0:00:45] (f4) } 48...Qa6
{ [%eval 447,13] [%emt 0:00:48] (Qf3) } 49.Nc1
{ [%eval -254,14] [%emt 0:00:44] (Kb2) } 49...Qa1
{ [%eval 480,12] [%emt 0:00:47] (h5) } 50.f4
{ [%eval -261, 14] [%emt 0:00:43] (Qd2) } 50...h5
{ [%eval 479,12] [%emt 0:00:45] (Bf8) } 51.Qd2
{ [%eval -259,16] [%emt 0:00:42] (Qd2) } 51...Kh7
{ [%eval 487,13] [%emt 0:00:44] (Qa8) } 52.Qd3
{ [%eval -257,14] [%emt 0:00:40] (Nd3) } 52...Rc7
{ [%eval 494,13] [%emt 0:00: 43] (Qa8) } 53.Kd2
{ [%eval -250,16] [%emt 0:00:39] (Ne2) } 53...Kh6
{ [%eval 494,13] [%emt 0:00:42] (f5) } 54.Kd1
{ [%eval -246,14] [%emt 0:00:38] (Kd1) } 54...Kh7
{ [%eval 491,13] [%emt 0:00:40] (f5) } 55.Qd2
{ [%eval -249,16] [%emt 0:00:38] (Qd2) } 55...Rc8
{ [%eval 485,12] [%emt 0:00:39] (Bf8) } 56.Qd3
{ [%eval -253,15] [%emt 0:00:37] (Kc2) } 56...Bf8
{ [%eval 486,12] [%emt 0:00:38] (Re8) } 57.Kc2
{ [%eval -259,15] [%emt 0:00:36] (Qd2) } 57...Rc7
{ [%eval 480,12] [%emt 0:00:37] (f5) } 58.Ne2
{ [%eval -243,15] [%emt 0:00:35] (Ne2) } 58...Bg7
{ [%eval 476,12] [%emt 0:00: 36] (Bg7) } 59.Kd2
{ [%eval -247,15] [%emt 0:00:34] (Qd1) } 59...Re7
{ [%eval 513,12] [%emt 0:00:35] (f5) } 60.Nc1
{ [%eval -255,15] [%emt 0:00:33] (Ne5) } 60...Qa8
{ [%eval 467,12] [%emt 0:00:34] (f5) } 61.Qf1
{ [%eval -274,14] [%emt 0:00:32] (Kc2) } 61...Re6
{ [%eval 467,11] [%emt 0:00:33] (f5) } 62.Qf2
{ [%eval -253,12] [%emt 0:00:31] (Kd1) } 62...Qa1
{ [%eval 546,12] [%emt 0:00:32] (Kg8) } 63.Kd1
{ [%eval -344, 15] [%emt 0:00:31] (Qf3) } 63...d3
{ [%eval 647,15] [%emt 0:00:30] (Qc3) } 64.Ne5
{ [%eval -396,15] [%emt 0:00:30] (Ne5) } 64...Rd6
{ [%eval 699,15] [%emt 0:00:31] (Rd6) } 65.Qd2
{ [%eval -447,17] [%emt 0:00:29] (Qd2) } 65...Bxe5
{ [%eval 830,16] [%emt 0:00: 30] (Bxe5) } 66.fxe5
{ [%eval -671,16] [%emt 0:00:28] (fxe5) } 66...Qxe5
{ [%eval 844, 16] [%emt 0:00:29] (Qxe5) } 67.Nxd3
{ [%eval -454,14] [%emt 0:00:28] (Nxd3) } 67...Qa1+
{ [%eval 873,14] [%emt 0:00:28] (Qa1) } 68.Ke2
{ [%eval -799,18] [%emt 0:00: 27] (Ke2) } 68...Re6+
{ [%eval 878,14] [%emt 0:00:27] (Re6) } 69.Kf2
{ [%eval -735,17] [%emt 0:00:26] (Kf2) } 69...Qd4+
{ [%eval 880,14] [%emt 0:00:26] (Qd4) } 70.Kf3
{ [%eval -751,18] [%emt 0:00:25] (Kg2) } 70...Qd5+
{ [%eval 908,13] [%emt 0:00:25] (Qd5) } 71.Kf2
{ [%eval -806,19] [%emt 0:00:25] (Kf2) } 0-1

[Event "41st Amateur D7"]
[Site "ChessGUI4"]
[Date "2013.07.07"]
[Round "15.2"]
[White "FireFly 2.6.0 64-bit"]
[Black "Shallow 1.0 64-bit"]
[Result "1/2-1/2"]
[BlackElo "2200"]
[ECO "D15"]
[EventDate "2013.??.??"]
[TimeControl "40/1500:40/1500:40/1500"]
[WhiteElo "2258"]

{ i5 Quad } 1.d4 d5 2.c4 c6 3.Nf3 Nf6 4.Nc3 a6 5.Qc2 g6 6.cxd5 cxd5 7.Bg5 Nc6 8.Bxf6 exf6 9.e3 Be6
{ [%eval -21,13] [%emt 0:00:42] (Be6) } 10.Be2
{ [%eval 47,11] [%emt 0:00:56] (Rc1) } 10...Rc8
{ [%eval -19,14] [%emt 0:00:42] (Bd6) } 11.O-O
{ [%eval 50,11] [%emt 0:00:56] (O-O) } 11...Bg7
{ [%eval -18,14] [%emt 0:00:42] (Bb4) } 12.Rfd1
{ [%eval 69,11] [%emt 0:00:55] (Rac1) } 12...O-O
{ [%eval -13,14] [%emt 0:00:42] (O-O) } 13.e4
{ [%eval 56, 12] [%emt 0:00:54] (Rac1) } 13...Re8
{ [%eval 6,14] [%emt 0:00:42] (Ne7) } 14.exd5
{ [%eval 25,12] [%emt 0:00:53] (exd5) } 14...Bxd5
{ [%eval 0,13] [%emt 0:00:42] (Bxd5) } 15.Qd2
{ [%eval 14,11] [%emt 0:00:44] (Qd2) } 15...f5
{ [%eval 9,14] [%emt 0:00:42] (f5) } 16.Nxd5
{ [%eval -4,12] [%emt 0:00:43] (Ne5) } 16...Qxd5
{ [%eval 90,14] [%emt 0:00:42] (Qxd5) } 17.Rac1
{ [%eval -13,12] [%emt 0:00:43] (Rac1) } 17...Qxa2
{ [%eval 89,13] [%emt 0:00:42] (Qxa2) } 18.d5
{ [%eval -7,11] [%emt 0:00:42] (Bc4) } 18...Na5
{ [%eval 87,14] [%emt 0:00:42] (Nb8) } 19.Rxc8
{ [%eval 9,12] [%emt 0:00:42] (Rxc8) } 19...Rxc8
{ [%eval 107,15] [%emt 0:00:42] (Rxc8) } 20.d6
{ [%eval 0,12] [%emt 0:00:33] (d6) } 20...Nc6
{ [%eval 107,13] [%emt 0:00:42] (Nc6) } 21.Qe3
{ [%eval 20,11] [%emt 0:00:33] (d7) } 21...Qxb2
{ [%eval 131,13] [%emt 0:00:42] (Bxb2) } 22.d7
{ [%eval 26,11] [%emt 0:00:33] (d7) } 22...Rf8
{ [%eval 131,13] [%emt 0:00:42] (Rf8) } 23.Bc4
{ [%eval 19,10] [%emt 0:00:33] (Bc4) } 23...Nd8
{ [%eval 133,13] [%emt 0:00:42] (Nd8) } 24.Qb3
{ [%eval -2,10] [%emt 0:00:33] (Bd5) } 24...b5
{ [%eval 179,15] [%emt 0: 00:42] (Qf6) } 25.Qxb2
{ [%eval -13,12] [%emt 0:00:33] (Qxb2) } 25...Bxb2
{ [%eval 172, 15] [%emt 0:00:42] (Bxb2) } 26.Bd5
{ [%eval -48,12] [%emt 0:00:33] (Ba2) } 26...Bc3
{ [%eval 180,14] [%emt 0:00:42] (Bf6) } 27.Rd3
{ [%eval -48,12] [%emt 0:00:33] (Ba2) } 27...Bb4
{ [%eval 109,15] [%emt 0:01:08] (b4) } 28.Rb3
{ [%eval -24,12] [%emt 0:00:33] (Rb3) } 28...Bd6
{ [%eval 109,15] [%emt 0:00:41] (Bd6) } 29.Rb1
{ [%eval -63, 12] [%emt 0:00:33] (Rb2) } 29...Kg7
{ [%eval 109,15] [%emt 0:00:41] (Kg7) } 30.Ra1
{ [%eval -50,12] [%emt 0:00:33] (Ra1) } 30...Kf6
{ [%eval 113,15] [%emt 0:00:41] (Kf6) } 31.Re1
{ [%eval -66,11] [%emt 0:00:33] (Rxa6) } 31...h6
{ [%eval 182,14] [%emt 0:00: 41] (h6) } 32.Re8
{ [%eval -75,11] [%emt 0:00:33] (Re8) } 32...Kg7
{ [%eval 117,15] [%emt 0:00:41] (Kg7) } 33.Re2
{ [%eval -60,11] [%emt 0:00:33] (Re2) } 33...Bc5
{ [%eval 117,15] [%emt 0:00:41] (f4) } 34.Re5
{ [%eval -87,11] [%emt 0:00:33] (Ra2) } 34...f6
{ [%eval 184,14] [%emt 0:01:04] (Bb6) } 35.Re1
{ [%eval -64,12] [%emt 0:00:33] (Re2) } 35...Bb4
{ [%eval 94,14] [%emt 0:00:38] (f4) } 36.Re8
{ [%eval 0,12] [%emt 0:00:33] (Rc1) } 36...Bc5
{ [%eval 94,15] [%emt 0:00:38] (Bc5) } 37.Re1
{ [%eval 0,14] [%emt 0:00:33] (Re1) } 37...Bb4 38.Re8 { [%eval 0,14] [%emt 0:00:33] (Re8) }
38...Bc5 { [%eval 0,15] [%emt 0:00:38] (Bc5) } 39.Re1
{ [%eval 0,14] [%emt 0:00:33] (Re1) } 1/2-1/2